 Dungeon Sprint DCSS version 0.27.1-33-g824d729ab1 (webtiles) character file.

Game seed: 8698923683091238817

615 Adenis the Cleaver (level 7, -14/112 HPs)
             Began as a Minotaur Berserker on Dec 6, 2021.
             Was a Priest of Trog.
             Demolished by a sun demon (25 damage)
             ... summoned by a kobold demonologist
             ... in the Dungeon (Sprint I: "Red Sonja").
             The game lasted 00:01:07 (973 turns).

Adenis the Cleaver (Minotaur Berserker)              Turns: 973, Time: 00:01:08

Health: -14/112    AC:  2    Str: 24    XL:     7   Next: 21%
Magic:  6/6        EV: 13    Int:  4    God:    Trog [***...]
Gold:   417        SH:  0    Dex:  9    Spells: 6/6 levels left

rFire    . . .     SeeInvis .   a - +0 hand axe
rCold    . . .     Faith    .   (no shield)
rNeg     . . .     Spirit   .   b - +0 animal skin
rPois    .         Reflect  .   (helmet restricted)
rElec    .         Harm     .   (no cloak)
rCorr    .         Rampage  .   (no gloves)
Will     .....     NoTele   +   (no boots)
Stlth    ..........             (no amulet)
HPRegen  0.28/turn              (no ring)
MPRegen  0.10/turn              (no ring)

@: berserking, very quick
A: horns 2, retaliatory headbutt
a: Renounce Religion, Berserk, Trog's Hand


You were in the Dungeon.
You worshipped Trog.
Trog was most pleased with you.
You visited 1 branch You collected 417 gold pieces.

Inventory:

Hand Weapons
 a - a +0 hand axe (weapon)
Armour
 b - a +0 animal skin (worn)
Wands
 i - a wand of flame (18)
Scrolls
 h - a scroll of blinking
Potions
 c - a potion of curing
 d - a potion of heal wounds
 e - a potion of haste
 f - 2 potions of magic
 g - a potion of berserk rage


   Skills:
 + Level 11.8 Fighting
 + Level 12.4 Axes
 + Level 6.3 Armour
 + Level 5.7 Dodging


You had 6 spell levels left.
You didn't know any spells.
Your spell library was empty.

Dungeon Overview and Level Annotations

Branches:
Dungeon (1/1)

Altars:
Cheibriados
Dithmenos
Elyvilon
Fedhas
Gozag
Hepliaklqana
Kikubaaqudgha
Makhleb
Nemelex Xobeh
Okawaru
Qazlal
Ru
Sif Muna
Trog
Uskayaw
Vehumet
Wu Jian
Xom
Yredelemnul
Zin
The Shining One
Jiyva
Lugonu

Shops:
D *


Innate Abilities, Weirdness & Mutations

You have a pair of horns on your head.
You reflexively headbutt those who attack you in melee.


Message History

You now have 363 gold pieces (gained 27).
You now have 390 gold pieces (gained 27).
You now have 417 gold pieces (gained 27).
You open the door.
A floating eye and a kobold demonologist come into view.
The kobold demonologist is wielding a +0 dagger of venom.
The kobold demonologist mumbles some strange words.
The floating eye turns its gaze towards you.
A kobold demonologist comes into view. It is wielding a +0 dagger.
The kobold demonologist shouts!
The kobold demonologist casts a spell.
The floating eye seems to glare at you.
The kobold demonologist miscasts a cantrip.
The sun demon hits you!!
You are engulfed in flames!
There is an open door, spattered with blood here.
A red film seems to cover your vision as you go berserk!
You feel yourself moving faster!
You feel mighty! The ufetubus hits you. The ufetubus misses you.
The sun demon hits you.
You are engulfed in flames!
* * * LOW HITPOINT WARNING * * *
The floating eye gazes piercingly through you!
You suddenly lose the ability to move!
The ufetubus hits you.
* * * LOW HITPOINT WARNING * * *
The ufetubus hits you.
* * * LOW HITPOINT WARNING * * *
The sun demon hits you.
* * * LOW HITPOINT WARNING * * *
You are engulfed in flames!
* * * LOW HITPOINT WARNING * * *
The floating eye's view fixates on you.
The ufetubus hits you but does no damage.
The ufetubus hits you.
* * * LOW HITPOINT WARNING * * *
You can move again.
You feel a strong urge to attack something.
You closely miss the sun demon.
You headbutt the sun demon, but do no damage.
The floating eye gazes piercingly through you!
You shrug off the repeated paralysis!
The sun demon hits you!!
You die...

######################
..)..#.)'..#__#.@35GK#
).#..'..#..'..'..#5K.#
####'#####'#__####...+
###..#...#.#### ####
__####..##(#
_____##'#_.+
_.∩...†..._#
_..__##_.#'#
_____###+#(#


You could see a sun demon (summoned), 2 kobold demonologists, a floating eye and
2 ufetubi.

Vanquished Creatures
  A slime creature (D)
  Sigmund (D)
  A yak (D)
  An ogre (D)
  A jelly (D)
  Ijyb (D)
6 creatures vanquished.

Notes
Turn   | Place    | Note
-------+----------+-------------------------------------------
     0 | D        | Adenis the Minotaur Berserker began the quest for the Orb.
     0 | D        | Reached XP level 1. HP: 19/19 MP: 0/0
     2 | D        | Noticed Ijyb
     7 | D        | Killed Ijyb
     8 | D        | Reached skill level 5 in Fighting
     8 | D        | Reached skill level 5 in Axes
     8 | D        | Reached XP level 2. HP: 25/29 MP: 1/1
   216 | D        | Noticed an ogre
   220 | D        | Killed an ogre
   221 | D        | Reached skill level 7 in Axes
   221 | D        | Reached XP level 3. HP: 40/40 MP: 2/2
   221 | D        | Reached XP level 4. HP: 48/48 MP: 3/3
   430 | D        | Noticed Sigmund
   438 | D        | Killed Sigmund
   438 | D        | Reached ** piety under Trog
   439 | D        | Reached skill level 10 in Axes
   439 | D        | Reached skill level 5 in Armour
   439 | D        | Reached XP level 5. HP: 58/58 MP: 4/4
   439 | D        | Reached XP level 6. HP: 66/66 MP: 5/5
   591 | D        | Found an ornate altar of the Wu Jian Council.
   591 | D        | Found a shimmering blue altar of Sif Muna.
   593 | D        | Found a radiant altar of Vehumet.
   597 | D        | Reached skill level 10 in Fighting
   629 | D        | Found Tash's Assorted Antiques.
   629 | D        | Found an ancient bone altar of Kikubaaqudgha.
   629 | D        | Found a hazy altar of Hepliaklqana.
   629 | D        | Found a stormy altar of Qazlal.
   629 | D        | Found a hide-covered altar of Uskayaw.
   629 | D        | Found a blossoming altar of Fedhas.
   629 | D        | Found a bloodstained altar of Trog.
   629 | D        | Found an iron altar of Okawaru.
   629 | D        | Found a basalt altar of Yredelemnul.
   629 | D        | Found a glowing golden altar of the Shining One.
   629 | D        | Found a snail-covered altar of Cheibriados.
   629 | D        | Found a sacrificial altar of Ru.
   629 | D        | Found a glowing silver altar of Zin.
   629 | D        | Found a shadowy altar of Dithmenos.
   629 | D        | Found a white marble altar of Elyvilon.
   629 | D        | Noticed a yak
   636 | D        | Killed a yak
   637 | D        | Reached skill level 11 in Axes
   637 | D        | Reached skill level 5 in Dodging
   637 | D        | Found an opulent altar of Gozag.
   707 | D        | Found a sparkling altar of Nemelex Xobeh.
   729 | D        | Found a burning altar of Makhleb.
   729 | D        | Found a viscous altar of Jiyva.
   729 | D        | Found a shimmering altar of Xom.
   729 | D        | Found a corrupted altar of Lugonu.
   729 | D        | Noticed a slime creature
   737 | D        | Killed a slime creature
   737 | D        | Reached *** piety under Trog
   738 | D        | Reached skill level 12 in Axes
   738 | D        | Reached XP level 7. HP: 60/75 MP: 6/6
   968 | D        | Noticed a kobold demonologist
   969 | D        | Noticed a sun demon
   969 | D        | Noticed a kobold demonologist
   970 | D        | Paralysed by a floating eye for 2 turns
   973 | D        | Demolished by a sun demon

Illustrated notes

Levels and vault maps discovered:
D:        dungeon_sprint_1 [red_sonja_temple_1, red_sonja_temple_small_1]

Skill      XL: |  1  2  3  4  5  6 |
---------------+-------------------+-----
Fighting       | 5 7 9 11 | 11.8
Axes           | 5 7 10 12 | 12.4
Armour         | 3 4 5 6 |  6.3
Dodging        | 3 4 5 |  5.7

Action                   |  1- 3 |  4- 6 |  7- 9 || total
-------------------------+-------+-------+-------++-------
Melee: Hand axe          |     6 |    18 |     1 ||    25
       Headbutt          |       |     3 |     1 ||     4
Invok: Berserk           |     2 |     3 |     1 ||     6
Armor: Animal skin       |       |     1 |     1 ||     2
Dodge: Dodged            |     3 |     6 |     1 ||    10
